AoeStats
← |GaoeG| flamingo

Arena

509452600Analyzed
2v2 RM · 5d ago on Sep 26, 2026· 35m 55s· 4 players
Game mode
Random Map
Map size
Medium (4 player)
Population
200
Speed
Normal
Resources
Standard
Victory
Conquest
Starting age
Dark Age
Ending age
Imperial Age
RankedLock teamsTeams togetherTeam positionsShared explorationLock speedFull tech treeHidden civsTurbo modeCheats
Victory
Defeat
🇺🇸 Malians · United States
1449
+11
🇮🇳 Portuguese · India
1370
+14
🇪🇸 Muisca · Spain
1371
-14
🇪🇸 Cumans · Spain
1285
-11
|GaoeG| flamingo
9:09 Feudal Age
11:17 Loom
18:36 Wheelbarrow
17:50 Town Watch
21:34 Double-Bit Axe
21:33 Horse Collar
25:40 Fletching
30:49 Castle Age
34:00 Castle Age
35:33 Bow Saw
JITANOmaleant7
6:44 Loom
9:17 Feudal Age
10:02 Champi Runner
16:15 Forging
17:07 Forging
17:00 Scale Mail Armor
21:32 Castle Age
20:46 Forging
20:30 Double-Bit Axe
21:49 Pikeman
23:28 Iron Casting
23:08 Squires
23:08 Horse Collar
23:40 Bow Saw
31:43 Fletching
32:48 Bodkin Arrow
37:09 Imperial Age
ddk220
8:39 Feudal Age
9:08 Loom
12:59 Fletching
25:41 Castle Age
24:22 Stone Mining
26:29 Bodkin Arrow
27:55 Crossbowman
30:41 Double-Bit Axe
30:36 Horse Collar
32:43 Forging
33:46 Bow Saw
37:59 Imperial Age
35:49 Gold Mining
vetrierai
11:03 Feudal Age
15:26 Castle Age
13:17 Double-Bit Axe
13:40 Horse Collar
15:14 Bloodlines
16:05 Forging
16:59 Scale Barding Armor
22:56 Iron Casting
23:25 Loom
23:56 Husbandry
25:46 Chain Barding Armor
26:03 Husbandry
32:26 Wheelbarrow
33:36 Bow Saw
34:22 Heavy Plow
35:55 Hand Cart
Connection lost

Rejoining the realm…

Still unreachable

The connection could not be restored.

Session expired

The server has moved on; the page needs a fresh start.